 Dungeon Crawl Stone Soup version 0.17-a0-1583-g2df49ec (webtiles) character file.

7879 karlkraus the Blocker (level 11, -13/95 HPs)
             Began as a Minotaur Fighter on July 28, 2015.
             Mangled by Grum
             ... wielding a +1 glaive
              (16 damage)
             ... on level 10 of the Dungeon.
             The game lasted 00:26:00 (6387 turns).

karlkraus the Blocker (Minotaur Fighter)            Turns: 6387, Time: 00:26:05

Health: -13/95     AC: 15    Str: 24      XL:     11   Next: 2%
Magic:  0/10       EV: 12    Int:  5      God:    Xom [..*...]
Gold:   546        SH:  0    Dex: 13 (15) Spells: 0 memorised, 10 levels left

rFire  . . .     SeeInvis .     C - +1 battleaxe (chaos)
rCold  . . .     Clarity  +     o - +0 chain mail
rNeg   . . .     SustAt   .     (no shield)
rPois  .         Gourm    .     (helmet restricted)
rElec  .         Spirit   +     i - +0 cloak
rCorr  .         Warding  .     (no gloves)
rMut   .         Stasis   .     b - +1 pair of boots "Qedan" {Dex+7}
MR     .....                    y - amulet of guardian spirit
Stlth  ..........               d - ring of flight
                                k - ring of stealth

@: not resistant to hostile enchantments, extremely unstealthy
A: retaliatory headbutt, horns 2, clarity, clumsy 1, subdued magic 1
a: Renounce Religion, Evoke Flight


You were on level 10 of the Dungeon.
You worshipped Xom.
You were a toy of Xom.
You were not hungry.

You visited 1 branch of the dungeon, and saw 10 of its levels.

You collected 546 gold pieces.

Inventory:

Hand weapons
 a - a +2 flail
 p - the +7 greatsling of the Land of Plenty {flame, rC+ MR- MP+9}
   (Xom gifted it to you on level 7 of the Dungeon)

   It causes projectiles fired from it to burn those they strike, causing extra
   injury to most foes and up to half again as much damage against particularly
   susceptible opponents.
   It protects you from cold.
   It affects your resistance to hostile enchantments.
   It affects your magic capacity (+9).
 C - a +1 battleaxe of chaos (weapon)
 D - a +1 flail of venom
Armour
 b - the +1 pair of boots "Qedan" (worn) {Dex+7}
   (You acquired it on level 6 of the Dungeon)

   It affects your dexterity (+7).
 c - a +1 shield
 i - a +0 cloak (worn)
 o - a +0 chain mail (worn)
Jewellery
 d - a ring of flight (right hand)
 k - a ring of stealth (left hand)
 y - an amulet of guardian spirit (around neck)
 J - an uncursed ring of positive energy
Magical devices
 g - a wand of lightning (5)
 j - a wand of fire (5)
 n - a wand of digging (4)
 q - a wand of polymorph (6)
 t - a wand of invisibility (4)
 w - a wand of confusion (20)
 x - a wand of frost (18)
 E - a wand of draining (8)
 F - a wand of random effects (21)
 G - a wand of polymorph (15)
 H - a wand of fire (8)
 M - a wand of confusion (23)
 O - a wand of polymorph (9)
Scrolls
 f - 3 scrolls of blinking
 l - 3 scrolls of teleportation
 r - 3 scrolls of magic mapping
 s - 2 scrolls of fear
 v - a scroll of fog
 K - a scroll of noise
Potions
 h - 2 potions of haste
 m - 2 potions of lignification
 A - a potion of ambrosia
 B - a potion of brilliance
Comestibles
 e - 8 bread rations
 u - a slice of pizza
 z - 2 meat rations
 I - 3 beef jerkies
 L - 4 chunks of flesh
 N - 3 fruits


   Skills:
 + Level 8.5 Fighting
 + Level 3.6(7.3) Axes
 + Level 9.8(10.1) Maces & Flails
 + Level 9.2 Armour
 + Level 7.0 Dodging
 + Level 2.7 Stealth
 + Level 10.6 Shields
 + Level 0.2 Unarmed Combat
 + Level 0.5 Evocations


You had 10 spell levels left.
You didn't know any spells.

Dungeon Overview and Level Annotations

Branches:
Dungeon (10/15)              Lair (0/8) D:9
 Temple: D:4-7          Orc: D:9-12

Altars:
Gozag
Kikubaaqudgha
Makhleb
Ru
Xom
Zin
The Shining One

Annotations:
D:10 exclusion: obsidian statue, Grum


Innate Abilities, Weirdness & Mutations

You reflexively headbutt those who attack you in melee.
You have a pair of horns on your head.
You possess an exceptional clarity of mind.
You are clumsy. (Dex -2)
Your spells are a little easier to cast, but a little less powerful.


Message History

You slash the wolf!
You kill the wolf!
Grum points his finger and shouts, "Spot!
Sic 'em!"
Grum hits you from afar with an enchanted glaive!!
* * * LOW HITPOINT WARNING * * *
Xom thinks this is hilarious!
The wolf bites you.
* * * LOW HITPOINT WARNING * * *
Drink which item? (? for menu, Esc to quit)
Okay, then.
Zapping:
F - a wand of random effects (will waste charges)
Press: ? - help, Shift-Dir - straight line, f - wolf
Aim: a wolf Xom roars with laughter!
The wolf is blasted.
Evoking this partially-identified wand wasted a few charges.
The wolf bites you but does no damage.
Grum hits you from afar with an enchanted glaive!
You die...
Xom howls with laughter!

#.......'.# ##+
#......†### #..
######[## #.# #..#
#######'### #.##
#.........# ######'###
#......<..# #........#
###.........#
+........###g'.........#
#........'@h.#.........#
#.....>..#####.(.......#
#........# #......(..#
#........# #.........#
#........# #.........#
#........# #.........#
###'###### #####'#####
#.## #..# #..# #.##


You could see Grum and a wolf.

Vanquished Creatures
  Erolcha (D:9)
  Joseph (D:7)
  The ghost of karlkraus the Shield-Bearer, an experienced MiFi (D:4)
  2 trolls
  A wyvern (D:10)
  2 hippogriffs (D:10)
  6 yaks (D:10)
  2 wolves (D:10)
  An orc warrior (D:9)
  6 porcupines (D:9)
  A water moccasin (D:8)
  2 phantoms (D:9)
  The ghost of CipHuK the Ruffian, an average NaFi (D:3)
  5 ice beasts
  4 crocodiles (D:9)
  2 ogres
  A big kobold (D:8)
  2 centaurs
  4 giant frogs
  A wyvern zombie (D:10)
  A gnoll sergeant (D:8)
  3 scorpions
  5 killer bees (D:8)
  A wasp zombie (D:9)
  2 centaur zombies
  6 orc priests
  A giant frog zombie (D:8)
  A centaur skeleton (D:8)
  2 crimson imps (D:9)
  An iguana (D:9)
  5 jellies
  Crazy Yiuf (D:7)
  A giant frog skeleton (D:9)
  2 quasits
  Ijyb (D:2)
  7 hounds
  Jessica (D:3)
  Terence (D:2)
  4 worker ants
  5 orc wizards
  5 sheep (D:9)
  2 worker ant zombies
  3 river rats (D:9)
  14 adders
  5 gnolls (D:8)
  2 shadow imps
  An ooze (D:2)
  An adder skeleton (D:4)
  A worm (D:2)
  5 giant geckos
  23 orcs
  8 bats
  A bat skeleton (D:7)
  2 bat zombies
  7 giant cockroaches
  14 hobgoblins
  5 jackals
  4 giant newts
  6 goblins
  A jackal skeleton (D:4)
  25 kobolds
  3 quokkas
  20 rats
255 creatures vanquished.

Vanquished Creatures (collateral kills)
  A giant frog (D:7)
  An orc (D:8)
2 creatures vanquished.

Vanquished Creatures (others)
  An ogre (D:9)
  A river rat (D:9)
  2 orcs (D:9)
  A rat (D:9)
5 creatures vanquished.

Grand Total: 262 creatures vanquished

Notes
Turn   | Place    | Note
--------------------------------------------------------------
     0 | D:1      | karlkraus the Minotaur Fighter began the quest for the Orb.
     0 | D:1      | Reached XP level 1. HP: 19/19 MP: 0/0
   127 | D:1      | Reached XP level 2. HP: 25/27 MP: 1/1
   145 | D:1      | Reached skill level 4 in Shields
   566 | D:1      | Reached XP level 3. HP: 33/33 MP: 2/2
   865 | D:2      | Noticed Ijyb
   881 | D:2      | Killed Ijyb
   881 | D:2      | Reached XP level 4. HP: 37/40 MP: 3/3
  1056 | D:2      | Found a shimmering altar of Xom.
  1065 | D:2      | Noticed Terence
  1070 | D:2      | Killed Terence
  1084 | D:2      | Became a worshipper of Xom of Chaos
  1147 | D:2      | Reached skill level 5 in Shields
  1420 | D:3      | XOM: silly message
  1450 | D:3      | Reached skill level 1 in Dodging
  1460 | D:3      | Noticed Jessica
  1467 | D:3      | Killed Jessica
  1467 | D:3      | Reached XP level 5. HP: 41/46 MP: 4/4
  1577 | D:3      | Noticed CipHuK's ghost (average NaFi)
  1577 | D:3      | XOM: divination: detect items
  1578 | D:3      | XOM: harmless Trmt miscast
  1583 | D:3      | Killed CipHuK's ghost
  1725 | D:3      | XOM: harmless Hex miscast
  1858 | D:4      | Reached XP level 6. HP: 47/53 MP: 5/5
  1863 | D:4      | Reached skill level 1 in Stealth
  1868 | D:4      | Reached skill level 5 in Armour
  2038 | D:4      | Noticed karlkraus's ghost (experienced MiFi)
  2057 | D:4      | XOM: potion effect (might)
  2064 | D:4      | Killed karlkraus's ghost
  2064 | D:4      | Reached skill level 6 in Shields
  2064 | D:4      | Reached XP level 7. HP: 54/60 MP: 6/6
  2158 | D:4      | Noticed an ogre
  2161 | D:4      | Killed an ogre
  2201 | D:4      | XOM: harmless Air miscast
  2232 | D:4      | XOM: silly message
  2459 | D:5      | Entered Level 5 of the Dungeon
  2466 | D:5      | Reached skill level 5 in Fighting
  2466 | D:5      | Reached skill level 5 in Maces & Flails
  2600 | D:5      | XOM is BORED!
  2600 | D:5      | XOM: mild Ice miscast
  2679 | D:5      | XOM: noise
  3118 | D:6      | Identified a scroll of acquirement
  3121 | D:6      | Got a pair of twisted boots
  3127 | D:6      | Identified the +1 pair of boots "Qedan" {Dex+7} (You acquired it on level 6 of the Dungeon)
  3151 | D:6      | Found an ancient bone altar of Kikubaaqudgha.
  3194 | D:6      | XOM: cast spell 'Blink'
  3267 | D:6      | Reached XP level 8. HP: 59/68 MP: 4/7
  3302 | D:6      | XOM: harmless Tloc miscast
  3340 | D:6      | XOM: cast spell 'Ice Form'
  3387 | D:6      | Found a burning altar of Makhleb.
  3387 | D:6      | Found a sacrificial altar of Ru.
  3573 | D:7      | Gained mutation: You are clumsy. (Dex -2) [potion of mutation]
  3573 | D:7      | Gained mutation: You possess an exceptional clarity of mind. [potion of mutation]
  3573 | D:7      | Gained mutation: Your spells are a little easier to cast, but a little less powerful. [potion of mutation]
  3699 | D:7      | Noticed Joseph
  3700 | D:7      | XOM: harmless Tloc miscast
  3710 | D:7      | XOM: god gift: scroll of enchant weapon
  3715 | D:7      | Killed Joseph
  3715 | D:7      | Reached skill level 7 in Shields
  3795 | D:7      | XOM: god gift: translucent greatsling {god gift}
  3798 | D:7      | Got a translucent greatsling {god gift}
  3843 | D:7      | XOM: summons 2 friendly demons
  3861 | D:7      | Found a glowing silver altar of Zin.
  3951 | D:7      | Reached skill level 5 in Dodging
  4007 | D:7      | Reached skill level 8 in Shields
  4079 | D:7      | Reached XP level 9. HP: 73/75 MP: 8/8
  4090 | D:7      | Noticed Crazy Yiuf
  4099 | D:7      | Killed Crazy Yiuf
  4539 | D:8      | XOM: fog
  4939 | D:8      | XOM: cast spell 'Necromutation'
  4979 | D:8      | XOM: summons 3 friendly demons
  5013 | D:8      | XOM: summons 9 friendly demons
  5018 | D:8      | Reached skill level 9 in Shields
  5111 | D:8      | XOM: vitrification
  5261 | D:9      | Identified the +7 greatsling of the Land of Plenty {flame, rC+ MR- MP+9} (Xom gifted it to you on level 7 of the Dungeon)
  5287 | D:9      | XOM: enchant monster (good)
  5332 | D:9      | XOM: divination: magic mapping
  5348 | D:9      | XOM: summons 2 hostile shadow creatures
  5352 | D:9      | XOM: 6-stop teleportation journey
  5381 | D:9      | XOM: divination: detect items
  5498 | D:9      | Found an opulent altar of Gozag.
  5565 | D:9      | Found a staircase to the Lair.
  5572 | D:9      | Reached XP level 10. HP: 57/86 MP: 7/9
  5579 | D:9      | XOM: enchant monster (good)
  5607 | D:9      | XOM: divination: detect items
  5630 | D:9      | XOM: enchant monster (good)
  5636 | D:9      | XOM: destruction
  5700 | D:9      | XOM: 1-stop teleportation journey
  5719 | D:9      | XOM: noise
  5723 | D:9      | XOM: god gift: runed battleaxe {god gift}
  5726 | D:9      | Reached skill level 10 in Shields
  5760 | D:9      | Found a glowing golden altar of the Shining One.
  5761 | D:9      | XOM: potion effect (brilliance)
  5876 | D:9      | XOM: god gift: 12 gold pieces
  6007 | D:9      | Noticed Erolcha
  6013 | D:9      | Killed Erolcha
  6028 | D:9      | XOM: mild Conj miscast
  6129 | D:10     | Entered Level 10 of the Dungeon
  6138 | D:10     | XOM: confuse monster(s)
  6142 | D:10     | XOM: fake destruction
  6143 | D:10     | Reached skill level 1 in Axes
  6143 | D:10     | XOM: summons friendly shadow imp
  6186 | D:10     | XOM: swap monsters
  6188 | D:10     | XOM: potion effect (berserk rage)
  6313 | D:10     | Noticed an obsidian statue
  6367 | D:10     | Noticed Grum
  6382 | D:10     | XOM: fake destruction
  6384 | D:10     | Reached XP level 11. HP: 29/95 MP: 5/10
  6386 | D:10     | HP: 3/95 [wolf[Grum] (2)]
  6387 | D:10     | Mangled by Grum

Vault maps used:
D:1:      saegor_arrival_under_anarchy
D:2:      nicolae_overflow_crystal_walls, uniq_iyjb, uniq_terence
D:3:      minmay_misc_feat_alley, uniq_jessica
D:4:      first_bread, grunt_ministairs_3
D:6:      lemuel_crystal_altar, amethyst_overflow_temple_binary
D:7:      minmay_temple_entry_from_below_b, basic_altar, minivault_11,
          uniq_joseph, uniq_crazy_yiuf_cottage
D:9:      tso_altar, overflow_temple_1_default, minmay_lair_entry_grove,
          uniq_erolcha
D:10:     hangedman_tell_no_tales, minmay_protected_statue, uniq_grum

Action                   |  1- 3 |  4- 6 |  7- 9 | 10-12 || total
-------------------------+-------+-------+-------+-------++-------
Melee: Flail             |    89 |    94 |   423 |    72 ||   678
       Unarmed           |       |       |     2 |       ||     2
       Battleaxe         |       |       |       |    82 ||    82
Evoke: Wand              |       |     2 |     1 |     1 ||     4
  Use: Potion            |       |     1 |     3 |       ||     4
       Scroll            |       |       |    23 |     2 ||    25
 Stab: Sleeping          |       |       |     2 |       ||     2
       Paralysed         |       |       |       |     2 ||     2
       Confused          |       |       |       |     1 ||     1
  Eat: Chunk             |       |     3 |    12 |     4 ||    19
